[Event "VIII Open Semana Santa 2024"]
[Site "San Vicente del Raspeig"]
[Date "2024.03.29"]
[Round "4.4"]
[White "Piorun, Kacper"]
[Black "Lopez Mulet, Inigo"]
[Result "1-0"]
[ECO "D20"]
[WhiteElo "2599"]
[BlackElo "2423"]
[Annotator "TA"]
[PlyCount "65"]
[EventDate "2024.03.27"]
[EventType "swiss"]
[EventCountry "ESP"]
[SourceTitle "playchess.com"]
[Source "ChessBase"]
[SourceQuality "1"]
[TimeControl "5400+30"]

1. e4 e6 2. d4 d5 3. exd5 exd5 4. Nf3 Nc6 5. h3 Bd6 6. c4 dxc4 7. Bxc4 Nf6 8. O-O O-O 9. Nc3 h6 10. Qc2 Na5 11. Bd3 Be6 12. Re1 {[%emt 0:00:00] The position is equal.} Re8 13. Bd2 Nc6 $1 14. a3 {[%emt 0:00:00] Inhibits Nb4.} Ne7 15. Ne5 Ned5 16. Na4 Nb6 17. Nc5 Bd5 18. Re3 Rb8 (18... Nbd7 $14 19. Nexd7 Nxd7) 19. Rae1 $16 {[%emt 0:00:00] White is much more active.} c6 20. b4 Re7 21. Qd1 {[%emt 0:00:00] Strongly threatening Rg3.} Qc7 $2 {[%emt 0:05:41] This costs Black the game.} (21... Qf8 $16 22. a4 Bxe5 23. dxe5 Nfd7) 22. Rg3 $18 Ne8 $2 (22... Rxe5 23. dxe5 Bxe5) 23. Qh5 f6 {[%emt 0:00:44][%cal Bf7f6,Bf6e5][%mdl 32] [#]} 24. Qxh6 $1 {[%emt 0:00:00] White wants to mate with Bh7+.} fxe5 (24... f5 25. Bxf5) 25. Qh7+ Kf8 26. Qh8+ Bg8 27. Rf3+ Nf6 {[%emt 0:00:40] [#]} 28. Rxf6+ $3 Rf7 (28... gxf6 29. Bh6+) 29. Ne6+ Ke7 30. Nxc7 {[%emt 0:00:00] White is clearly winning.} gxf6 31. dxe5 fxe5 32. Rxe5+ Kd7 {[%emt 0:00:07] [#]} 33. Re8 $1 {[%emt 0:11:45] Weighted Error Value: White=0.02 (flawless) /Black=0.52.  Loses game:     	---       	Black=1      Mistake:       	---       	Black=2      Inaccurate:     	---       	Black=3      OK:         	White=8     	Black=3      Best:        	White=2     	---        Strong:       	---       	Black=1} 1-0

[Event "VIII Open Semana Santa 2024"]
[Site "San Vicente del Raspeig"]
[Date "2024.03.29"]
[Round "4.5"]
[White "Habans Aguerrea, Javier"]
[Black "Kourkoulos-Arditis, Stamatis"]
[Result "0-1"]
[ECO "E62"]
[WhiteElo "2399"]
[BlackElo "2556"]
[Annotator "TA"]
[PlyCount "94"]
[EventDate "2024.03.27"]
[EventType "swiss"]
[EventCountry "ESP"]
[SourceTitle "playchess.com"]
[Source "ChessBase"]
[SourceQuality "1"]
[TimeControl "5400+30"]

1. c4 Nf6 2. Nc3 g6 3. g3 Bg7 4. Bg2 O-O 5. d4 d6 6. Nf3 c6 7. O-O Bf5 8. b3 Ne4 9. Nxe4 Bxe4 10. Bb2 Nd7 11. Nd2 Bxg2 12. Kxg2 b5 13. cxb5 {[%emt 0:03:22] The position is equal.} cxb5 14. Nf3 Qb6 15. Qd3 Rfc8 16. Rac1 a6 17. Rxc8+ Rxc8 18. Rc1 Rxc1 19. Bxc1 Qc6 {[%emt 0:01:36] Prevents Qe4.} 20. Bg5 Nf6 21. Bxf6 Bxf6 $11 {[%emt 0:00:38][%mdl 4096] Endgame. KQB-KQN} 22. e4 Bg7 23. h4 h6 24. Ng1 Qc1 25. Ne2 Qa1 26. Qd2 h5 27. Qa5 {[%emt 0:00:00] [#]} (27. Nc3 $11) 27... Qd1 $1 $17 {[%emt 0:04:28] Black is more active.} 28. Qd8+ Bf8 29. Nf4 Qxd4 30. Qa8 e6 31. Qc6 ({White should play} 31. Nh3 $1 $15) 31... Bh6 32. Kf3 $2 {[%emt 0:02:03][%mdl 8192] Loses the game.} (32. Nh3 $17) 32... Qd1+ $19 33. Kg2 Bxf4 34. gxf4 {[%emt 0:00:04] KQ-KQ} Qg4+ 35. Kf1 Qxh4 (35... Qxf4 36. Qxa6 Qxh4 37. Qxd6 Qh1+ (37... Qxe4 38. Qb8+ Kh7 39. Qxb5 $17) 38. Ke2 Qxe4+ 39. Kf1) 36. e5 (36. f5 $142 Qh1+ (36... gxf5 $2 37. exf5 Qh3+ 38. Kg1 $19) 37. Ke2 exf5 (37... gxf5 $2 38. Qc8+ Kg7 39. exf5 $19) 38. Qc8+ Kg7 39. exf5 Qe4+ 40. Kf1 Qd3+ (40... Qxf5 $2 41. Qxa6 Qd3+ 42. Kg1 $19) (40... gxf5 $2 41. Qc3+ Qe5 42. Qf3 $19) 41. Kg2) 36... d5 ({And not} 36... Qxf4 37. exd6 Qg4 38. a3 $11) 37. Qxa6 Qh1+ 38. Ke2 Qe4+ 39. Kf1 b4 (39... d4 $142 40. Qa5 d3 (40... Qxf4 $2 41. a4 $19)) 40. a4 bxa3 41. Qxa3 Qxf4 (41... d4 $142 42. Qb4 h4 (42... Qxf4 $2 43. Qc4 $19)) 42. b4 Qc4+ 43. Ke1 h4 {[%emt 0:00:28] ( -> ...Qg4)} 44. Qa5 Kg7 45. Qa3 {[%emt 0:01:15] [#]} h3 46. Qxh3 Qxb4+ 47. Kf1 Qb1+ {[%emt 0:00:10] Weighted Error Value: White=1.19/Black=0.40.  Loses game:     	White=1     	---        Mistake:       	White=3     	---        Inaccurate:     	White=1     	Black=1      OK:         	White=7     	Black=11     Best:        	White=2     	Black=3      Strong:       	---       	Black=1} 0-1

[Event "VIII Open Semana Santa 2024"]
[Site "San Vicente del Raspeig"]
[Date "2024.03.29"]
[Round "4.6"]
[White "Basso, Pier Luigi"]
[Black "Hristodoulou, Panagiotis"]
[Result "1/2-1/2"]
[ECO "C11"]
[WhiteElo "2503"]
[BlackElo "2376"]
[Annotator "TA"]
[PlyCount "126"]
[EventDate "2024.03.27"]
[EventType "swiss"]
[EventCountry "ESP"]
[SourceTitle "playchess.com"]
[Source "ChessBase"]
[SourceQuality "1"]
[TimeControl "5400+30"]

1. e4 e6 2. d4 d5 3. Nc3 Nf6 4. e5 Nfd7 5. f4 c5 6. Nf3 Nc6 7. Be3 cxd4 8. Nxd4 Bc5 9. Qd2 O-O 10. O-O-O Bxd4 {[%emt 0:00:08] C11: French: Classical System: 4 e5 and 4 Bg5 dxe4.} 11. Bxd4 Qa5 12. h4 Rb8 13. h5 b5 $1 14. h6 $146 ({Predecessor:} 14. Kb1 b4 15. Ne2 Ba6 16. Nc1 Bxf1 17. Rdxf1 Nb6 18. h6 g6 19. Qf2 Nc4 20. Nb3 {0-1 Golizadeh,A (2455)-Spyropoulos,N (2445) Titled Tuesday intern op 14th Sept blitz 2021 (6)}) 14... g6 15. Kb1 b4 16. Ne2 Ba6 17. Nc1 Bxf1 18. Rhxf1 Nxd4 19. Qxd4 Qb6 (19... Rfc8 {is more complex.} 20. Qf2 Rc4 21. g4 Rbc8) 20. Qxb6 Rxb6 21. Nd3 Rc8 22. g4 a5 23. b3 Nc5 24. Nxc5 Rxc5 25. Rd3 Kf8 26. Kb2 Rbc6 27. Rf2 Ke7 28. Rdf3 Rc3 29. f5 $2 (29. Rd3 $11) 29... Rxf3 30. Rxf3 exf5 31. gxf5 gxf5 32. Rxf5 Rxh6 33. a3 Rh4 ({Don't do} 33... Ke6 34. Rf4 $17) 34. axb4 (34. Rf6 $17) 34... axb4 35. Rf6 Re4 ({Better is} 35... h5 $19 {Strongly threatening ...Rg4.} 36. Rh6 Kf8) 36. Rh6 $17 Rxe5 37. Rxh7 Ke6 38. Kc1 Re4 39. Kd2 f5 40. c3 $2 (40. Kd3 $17) 40... Ke5 (40... f4 $142 41. cxb4 Rxb4) 41. cxb4 $2 (41. Re7+ Kf4 42. Rd7) 41... Rxb4 $19 42. Kc3 Rb8 43. Re7+ {[%emt 0:00:00] [#]} Kf6 $1 44. Re1 f4 45. Rb1 $2 (45. b4) 45... Kf5 $19 46. Kd3 Kg4 47. b4 Kg3 48. Kd4 Rd8 49. Rg1+ Kf2 50. Rg5 {[%emt 0:00:00] [#]} f3 $2 (50... Rb8 $1 $19 51. Kc5 d4) 51. b5 $1 $11 Rf8 52. Kxd5 Ke3 53. Rg1 f2 54. Rf1 Ke2 55. Rxf2+ Kxf2 56. b6 Ke3 57. b7 Kd3 58. Kc6 Kc4 59. Kc7 Rf7+ 60. Kc6 Rf8 61. Kc7 Kc5 62. b8=Q Rxb8 63. Kxb8 Kd5 1/2-1/2

[Event "VIII Open Semana Santa 2024"]
[Site "San Vicente del Raspeig"]
[Date "2024.03.29"]
[Round "4.7"]
[White "Lamard, Guillaume"]
[Black "Dotzer, Lukas"]
[Result "1-0"]
[ECO "E06"]
[WhiteElo "2483"]
[BlackElo "2338"]
[Annotator "TA"]
[PlyCount "89"]
[EventDate "2024.03.27"]
[EventType "swiss"]
[EventCountry "ESP"]
[SourceTitle "playchess.com"]
[Source "ChessBase"]
[SourceQuality "1"]
[TimeControl "5400+30"]

1. Nf3 Nf6 2. g3 d5 3. Bg2 e6 4. O-O Be7 5. c4 O-O 6. d4 c6 7. Nc3 a5 8. b3 Nbd7 9. Bf4 b6 {[%emt 0:11:00] The position is equal.} 10. cxd5 Nxd5 11. Qc2 Ba6 12. Bd2 Rc8 13. Rfe1 Nxc3 14. Bxc3 c5 15. Qb2 cxd4 16. Bxd4 Bf6 17. Rad1 Bxd4 18. Nxd4 Qf6 19. Rd2 (19. b4 $5 axb4 20. Qxb4 $16) 19... e5 {[%emt 0:12:30] [#]} 20. Nc6 Rxc6 21. Rxd7 Rd6 22. Rd1 Rxd1+ 23. Rxd1 g6 24. Qd2 Re8 25. Bf3 Re7 26. Qd8+ Kg7 27. Bg4 {[%emt 0:02:58] [#] Strongly threatening Rd6.} Bb7 $2 (27... Ra7 $1 $11 {and Black stays safe.}) 28. h4 $2 (28. Rd6 $18 Qg5 29. e3 (29. Rxb6 $2 {is a self mate.} Qc1+)) 28... Qc6 29. Bf3 {[%emt 0:00:19] Really sharp!} (29. Qxe7 $2 Qh1#) 29... Qc7 30. Bxb7 (30. Qxc7 {simplifies} Rxc7 31. Bxb7 Rxb7 32. Rd5) 30... Qxd8 31. Rxd8 Rxb7 $14 {[%emt 0:00:04][%mdl 4096] Endgame. KR-KR} 32. Rd6 Kf8 33. g4 Ke7 34. Rc6 f6 (34... Kd7 $11 {remains equal.} 35. Rf6 Ke7) 35. Kg2 $16 {[%emt 0:00:45] White is more active.} h5 $2 (35... a4 $16 {might work better.}) 36. g5 $18 fxg5 37. Rxg6 {[%emt 0:00:14] Threatening mate with Rg7+.} Rd7 $2 (37... Rb8 $18 38. Rxg5 Ke6 39. Rxh5 Rg8+ 40. Rg5 Rc8) 38. Rg7+ {[%emt 0:01:00] White mates.} (38. Rxg5 Kf6 39. Rxh5 Rd2 $16) 38... Ke6 39. Rxd7 ({Weaker is} 39. Rxg5 Rd2 $16) 39... Kxd7 40. hxg5 {[%emt 0:00:04] KP-KP} Ke6 41. Kg3 Kf5 42. Kh4 Kg6 43. f3 b5 44. a4 b4 45. e3 {[%emt 0:00:28] Weighted Error Value: White=0.21 (precise) /Black=0.45.  Loses game:     	---       	Black=2      Missed win:     	White=1     	---        Mistake:       	---       	Black=2      Inaccurate:     	White=1     	Black=2      OK:         	White=7     	Black=13     Best:        	White=3     	Black=3} 1-0

[Event "VIII Open Semana Santa 2024"]
[Site "San Vicente del Raspeig"]
[Date "2024.03.29"]
[Round "4.8"]
[White "Baskin, Robert"]
[Black "Martin Duque, Jesus"]
[Result "0-1"]
[ECO "C85"]
[WhiteElo "2461"]
[BlackElo "2332"]
[Annotator "RC"]
[PlyCount "122"]
[EventDate "2024.03.27"]
[EventType "swiss"]
[EventCountry "ESP"]
[SourceTitle "playchess.com"]
[Source "ChessBase"]
[SourceQuality "1"]
[TimeControl "5400+30"]

1. e4 e5 2. Nf3 Nc6 3. Bb5 a6 4. Ba4 Nf6 5. O-O Be7 6. Bxc6 dxc6 7. d3 Nd7 8. Nbd2 Bd6 9. Nc4 Qe7 10. b3 f6 11. Bb2 O-O 12. Re1 c5 13. Nh4 g6 14. Qg4 Nb6 15. Nf5 Qg7 16. Nxb6 cxb6 17. Qf3 gxf5 18. exf5 Kh8 19. Qd5 Qd7 20. f4 Qc6 21. Qxc6 bxc6 22. fxe5 Bxe5 23. Bxe5 fxe5 24. Rxe5 Bxf5 25. Rae1 Bd7 26. Re7 Rae8 27. R1e4 Rxe7 28. Rxe7 Rd8 29. h3 Kg8 30. Kh2 b5 31. g4 c4 32. dxc4 bxc4 33. bxc4 Be8 34. Kg3 Bf7 35. Rc7 Rd6 36. c5 Re6 37. Kf4 Rh6 38. h4 Bxa2 39. h5 Bf7 40. Ra7 Rf6+ 41. Ke5 Kg7 42. g5 Re6+ 43. Kf5 Re2 44. h6+ Kf8 45. Rxa6 Be8 46. c4 Ke7 47. Kf4 Rg2 48. Ra8 Rg1 49. Rb8 Bg6 50. Rc8 Rf1+ 51. Ke3 Kd7 52. Rg8 Rf5 53. Rg7+ Kc8 54. Rg8+ Kb7 55. Rg7+ Ka6 56. Rc7 Rxc5 57. Kf4 Rf5+ 58. Kg4 Kb6 59. Rg7 Re5 60. Kf4 Re4+ 61. Kg3 Kc5 0-1

[Event "VIII Open Semana Santa 2024"]
[Site "San Vicente del Raspeig"]
[Date "2024.03.29"]
[Round "4.9"]
[White "Trigo Urquijo, Sergio"]
[Black "Garriga Cazorla, Pere"]
[Result "1/2-1/2"]
[ECO "B07"]
[WhiteElo "2387"]
[BlackElo "2460"]
[Annotator "TA"]
[PlyCount "48"]
[EventDate "2024.03.27"]
[EventType "swiss"]
[EventCountry "ESP"]
[SourceTitle "playchess.com"]
[Source "ChessBase"]
[SourceQuality "1"]
[TimeControl "5400+30"]

1. d4 g6 2. e4 Bg7 3. Nf3 d6 4. c3 Nf6 5. Bd3 O-O 6. O-O Nc6 7. Re1 e5 8. d5 Nb8 9. c4 a5 10. Nc3 Na6 11. Rb1 Nd7 12. a3 f5 13. b4 f4 14. Nd2 {[%emt 0:04:34] White is more active.} (14. bxa5 Nac5 $15) 14... g5 15. Be2 ({Of course not} 15. bxa5 Nac5 16. Be2 Nf6 $15) 15... Nf6 16. g4 {[%emt 0:05:01] [#]} (16. f3 $11) 16... h5 $1 $15 17. h3 Bd7 (17... Rf7 {seems wilder.} 18. Kg2 Qd7 19. f3 Bf8) 18. f3 (18. Kg2 {is more complex.} Qc8 19. f3 Qe8 20. Rh1) 18... axb4 (18... Kf7 {is interesting.} 19. Kg2 Rh8 20. Rh1 axb4 21. axb4 Rh6) 19. axb4 c6 ({Black should try} 19... Kf7 $15) 20. dxc6 bxc6 21. b5 Nc5 22. Nb3 Nxb3 23. Rxb3 hxg4 24. hxg4 Qb6+ {[%emt 0:02:44] Weighted Error Value: White=0.18 (very precise) /Black=0.14 (very precise) .  Mistake:       	White=1     	Black=1      Inaccurate:     	White=2     	Black=3      OK:         	White=6     	Black=7      Best:        	White=1     	---} 1/2-1/2

[Event "VIII Open Semana Santa 2024"]
[Site "San Vicente del Raspeig"]
[Date "2024.03.29"]
[Round "4.10"]
[White "Vega Gutierrez, Sabrina"]
[Black "Levin, Guy"]
[Result "0-1"]
[ECO "B32"]
[WhiteElo "2382"]
[BlackElo "2452"]
[Annotator "TA"]
[PlyCount "84"]
[EventDate "2024.03.27"]
[EventType "swiss"]
[EventCountry "ESP"]
[SourceTitle "playchess.com"]
[Source "ChessBase"]
[SourceQuality "1"]
[TimeControl "5400+30"]

1. e4 c5 2. Nf3 Nc6 3. d4 cxd4 4. Nxd4 e5 5. Nb5 d6 6. c4 Be6 7. N1c3 g6 (7... a6 $11 {keeps the balance.}) 8. Bd3 (8. Nd5 $16) 8... Bg7 (8... a6 $11 {remains equal.}) 9. Nd5 $16 {[%emt 0:00:30] Strongly threatening Ndc7+. White is better.} Nf6 (9... Kf8 $16 {was worth a try.}) 10. Nbc3 $2 (10. Nbc7+ $18 Kf8 11. Nxa8 Qxa8 12. O-O) 10... O-O 11. Bg5 Nd4 12. h4 Bxd5 13. Nxd5 Ne6 14. Qd2 (14. Bxf6 $14 Bxf6 15. g3) 14... Nxg5 $11 15. hxg5 Nxd5 16. cxd5 f6 17. gxf6 Bxf6 18. Qb4 Qd7 19. Rc1 Bg5 20. Rc3 Qf7 21. Rc2 Rac8 22. O-O (22. Qa4 $15) 22... Rxc2 $17 23. Bxc2 Rc8 ({Better is} 23... Be3 $1 $17 24. Qe1 Bd4) 24. Ba4 Rc5 25. Rd1 h5 26. Rd3 h4 27. Bd1 Qf4 28. Qe1 Rc4 {[%emt 0:01:24] White is weak on the dark squares} 29. Re3 Rc1 30. Qe2 Kg7 {[%emt 0:04:02] Black is much more active.} 31. Rc3 ({White should play} 31. Rd3 $15) 31... Ra1 {[%emt 0:00:39][%cal Of4d2] [#] And now ...Qd2! would win.} 32. Kf1 Kh6 ({Of course not} 32... Rxa2 33. g3 Qf7 34. gxh4 Bxh4 35. Qc2) 33. a3 a6 34. Rd3 Rb1 35. Rb3 Qc1 $40 {[%emt 0:00:54][%mdl 128] Black has strong attack.} 36. Ke1 b5 37. Rc3 Qf4 ({Black should try} 37... Qxb2 $17 38. Qxb2 Rxb2) 38. Qc2 (38. g3 $1 $11 hxg3 39. fxg3) 38... Ra1 39. g3 {[%emt 0:00:27] [#]} Qg4 {[%emt 0:01:34] White must now prevent ...h3.} 40. gxh4 (40. Qe2 $17 {was the crucial defense.} Qxe2+ 41. Kxe2) 40... Bxh4 $19 {[%emt 0:00:35] ( -> ...Qg1+). Black is clearly winning.} 41. Qd2+ Kg7 42. Rc7+ Kg8 {[%emt 0:00:02] Weighted Error Value: White=0.53/Black=0.23 (precise) .  Loses game:     	White=1     	---        Missed win:     	White=1     	---        Mistake:       	White=5     	Black=5      Inaccurate:     	White=4     	Black=3      OK:         	White=7     	Black=13     Best:        	---       	Black=2} 0-1

[Event "VIII Open Semana Santa 2024"]
[Site "San Vicente del Raspeig"]
[Date "2024.03.29"]
[Round "4.11"]
[White "Gkoumas, Georgios"]
[Black "Aronsson, Marten"]
[Result "1/2-1/2"]
[ECO "C48"]
[WhiteElo "2445"]
[BlackElo "2285"]
[Annotator "TA"]
[PlyCount "51"]
[EventDate "2024.03.27"]
[EventType "swiss"]
[EventCountry "ESP"]
[SourceTitle "playchess.com"]
[Source "ChessBase"]
[SourceQuality "1"]
[TimeControl "5400+30"]

1. e4 e5 2. Nf3 Nc6 3. Nc3 Nf6 4. Bb5 Bd6 5. d3 O-O 6. O-O Nd4 7. Nxd4 exd4 8. Ne2 {[%emt 0:00:06] White has an edge.} c6 9. Bc4 Bc7 10. Bf4 Bxf4 11. Nxf4 Qc7 12. Nh5 Qe5 13. Nxf6+ Qxf6 14. Qh5 d6 15. Rae1 Qf4 (15... Be6 {simplifies} 16. Bxe6 Qxe6 17. Qa5 c5) 16. a4 Be6 17. g3 Qe5 {[%emt 0:03:42] The position is equal.} 18. Qxe5 dxe5 19. Bxe6 fxe6 $11 {[%emt 0:00:04][%mdl 4096] Endgame. KRR-KRR} 20. f4 exf4 21. Rxf4 e5 22. Rf5 Rae8 23. Kf2 g6 24. Rxf8+ Kxf8 25. c3 Rd8 26. Ke2 {[%emt 0:00:05] A rather calm draw.   Weighted Error Value: White=0.03 (flawless) /Black=0.03 (flawless) .  OK:         	White=9     	Black=9} 1/2-1/2

[Event "VIII Open Semana Santa 2024"]
[Site "San Vicente del Raspeig"]
[Date "2024.03.29"]
[Round "4.12"]
[White "Adhiban, B.."]
[Black "Filip, Lucian-Ioan"]
[Result "1/2-1/2"]
[ECO "B41"]
[WhiteElo "2541"]
[BlackElo "2359"]
[Annotator "TA"]
[PlyCount "112"]
[EventDate "2024.03.27"]
[EventType "swiss"]
[EventCountry "ESP"]
[SourceTitle "playchess.com"]
[Source "ChessBase"]
[SourceQuality "1"]
[TimeControl "5400+30"]

1. e4 c5 2. Nf3 e6 3. d4 cxd4 4. Nxd4 a6 5. h3 Nf6 6. Bd3 {[%emt 0:05:37] B41: Sicilian: Kan Variation: 5 c4.} Qb6 $146 ({Predecessor:} 6... Nc6 7. Nxc6 bxc6 8. Bf4 d5 9. Nd2 g6 10. O-O Bg7 11. c4 O-O 12. Re1 Nh5 {1-0 Paravyan,D (2601)-Indjic,A (2618) Titled Tuesday intern op 25th Apr Early blitz 2023 (7)}) 7. Nb3 Nc6 8. O-O Be7 9. Be3 Qc7 10. f4 d6 11. a4 e5 12. a5 exf4 13. Bb6 Qb8 14. Rxf4 O-O 15. Nc3 Be6 16. Nd5 Bxd5 17. exd5 Ne5 18. Kh1 g6 19. Be2 Nfd7 20. Bg1 Qc7 21. Rf1 Rac8 22. c3 Rfe8 23. Ra4 Bf8 24. Rb4 Bg7 25. Bf2 Rb8 26. Qd2 Nf6 27. Bh4 Nfd7 28. Qc2 Nc5 29. Nxc5 Qxc5 30. Qb3 Nd7 31. Bf3 Qxa5 32. Rxb7 Rxb7 33. Qxb7 Qb5 34. Qxb5 axb5 35. Ra1 Be5 36. Ra5 Rb8 37. Be1 $1 Nc5 38. Be2 Na4 39. Rxb5 Rxb5 40. Bxb5 Nxb2 41. Kg1 Nd1 42. c4 Nb2 43. Kf1 Nd3 44. Bd2 f5 45. Ke2 Nc5 46. Be3 Kf7 47. Bxc5 dxc5 48. Kf3 h5 49. Ba4 g5 50. g4 fxg4+ 51. hxg4 h4 52. Kg2 Kf6 53. Kh3 Bd6 54. Bb5 Ke5 55. Ba6 Kf4 56. Bb5 Ke5 (56... Ke4 $15) 1/2-1/2

[Event "VIII Open Semana Santa 2024"]
[Site "San Vicente del Raspeig"]
[Date "2024.03.29"]
[Round "4.13"]
[White "Campora, Daniel H."]
[Black "Makhnev, Denis"]
[Result "0-1"]
[ECO "B06"]
[WhiteElo "2372"]
[BlackElo "2516"]
[Annotator "TA"]
[PlyCount "92"]
[EventDate "2024.03.27"]
[EventType "swiss"]
[EventCountry "ESP"]
[SourceTitle "playchess.com"]
[Source "ChessBase"]
[SourceQuality "1"]
[TimeControl "5400+30"]

1. e4 d6 2. d4 g6 3. Be3 Bg7 4. Nc3 a6 5. Qd2 b5 6. f3 Nf6 7. h4 h5 8. Nh3 Bxh3 {[%emt 0:03:15] The position is equal.} 9. Rxh3 Nbd7 10. a4 c6 11. Be2 O-O 12. Nd1 e5 13. dxe5 Nxe5 14. axb5 cxb5 15. Nc3 d5 16. Nxd5 Nxd5 17. Qxd5 Qc7 18. c3 Rfd8 19. Qc5 Qd7 20. Bd4 Qe6 21. Rd1 (21. Rh1 $11 {remains equal.}) 21... Rac8 $17 22. Qa3 Nc4 $36 {[%emt 0:01:24][%mdl 2048] Keeping White busy. Black is more active.} 23. Qb3 (23. Bxc4 $17 Qxc4 24. b3) 23... Bxd4 $19 24. cxd4 Qb6 25. Bxc4 Rxc4 26. Ke2 Rdxd4 {[%emt 0:01:54] aiming for ...Rb4.} (26... Rcxd4 27. Rhh1 $17) 27. Rhh1 {[%emt 0:01:43] [#]} Rb4 $1 28. Qc3 Rdc4 29. Qd2 Qc7 30. Rc1 {[%emt 0:03:40] Against Rc2} a5 {[%emt 0:00:12] ...Qe5 would now be deadly.} 31. Rhd1 Qh2 32. Rxc4 Qxg2+ ({Don't do} 32... Rxc4 33. Qg5 $15) 33. Ke3 Qxd2+ (33... Rxb2 $2 {is the wrong capture.} 34. Rc8+ Kh7 35. Qxg2 (35. Qxa5 Qf2+ 36. Kf4 Qh2+ 37. Ke3 Qf2+ 38. Kf4 Qxh4+ 39. Ke5 Qe7+ 40. Kf4 Qf6+ 41. Ke3 Rb3+ 42. Rd3 Qg5+ 43. Ke2 Qg2+ 44. Ke3 Qg5+ 45. Ke2 Qg2+ 46. Ke3 Qg1+ 47. Ke2 Qg2+ $11) 35... Rxg2 36. Rd7 $18) 34. Rxd2 Rxc4 {[%emt 0:00:08][%mdl 4096] Endgame. KR-KR} 35. Kf4 Kg7 (35... a4 $19 {has better winning chances. White must now prevent ...Kg7.} 36. Ke5 Kg7) 36. Ke5 (36. b3 $17 Rb4 37. Rd3) 36... a4 37. f4 $2 (37. Rd5 {is a better defense.} Rb4 38. Rd2) 37... b4 38. Rd7 Rc5+ {[%emt 0:00:11] Black is clearly winning.} 39. Kd4 Ra5 {[%emt 0:00:06] [#] Strongly threatening ...a3.} 40. Kc4 (40. Rc7 $142) 40... a3 41. Rd1 axb2 {[%emt 0:00:15] ( -> ...Ra1)} 42. Rb1 Ra1 43. Rxb2 Rf1 44. f5 Rf4 45. fxg6 Rxe4+ 46. Kd5 f5 {[%emt 0:00:08] Weighted Error Value: White=0.35/Black=0.06 (flawless) .  Mistake:       	White=5     	Black=1      Inaccurate:     	White=1     	Black=1      OK:         	White=11    	Black=16     Best:        	White=4     	Black=7} 0-1

[Event "VIII Open Semana Santa 2024"]
[Site "San Vicente del Raspeig"]
[Date "2024.03.29"]
[Round "4.14"]
[White "Tippa, Aswath Srisai"]
[Black "Diaz Camallonga, Carles"]
[Result "1-0"]
[ECO "E16"]
[WhiteElo "1647"]
[BlackElo "2491"]
[Annotator "TA"]
[PlyCount "65"]
[EventDate "2024.03.27"]
[EventType "swiss"]
[EventCountry "ESP"]
[SourceTitle "playchess.com"]
[Source "ChessBase"]
[SourceQuality "1"]
[TimeControl "5400+30"]

1. d4 e6 2. c4 Nf6 3. g3 Bb4+ 4. Nd2 O-O 5. Bg2 d5 6. Ngf3 b6 7. O-O Bb7 8. a3 Be7 9. cxd5 exd5 10. b4 a5 11. b5 c6 12. Qa4 {[%emt 0:00:05] The position is equal.} cxb5 13. Qxb5 Ba6 14. Qb2 Bxe2 15. Re1 Ba6 16. Ne5 Ra7 17. Nf1 Nfd7 18. Ne3 (18. Bxd5 Nxe5 19. Rxe5 Bf6 $17) 18... Nxe5 19. dxe5 d4 20. Nf5 {[%emt 0:01:48] Nxe7+ is the strong threat.} Bc5 21. Qd2 (21. h4 $11) 21... Bb7 {[%emt 0:29:01] [#]} ({Black should play} 21... Nd7 $1 $17 22. Qd1 (22. Nxd4 $2 Nxe5 23. Nf5 Nd3 $19) 22... f6 (22... d3 23. Qg4 $11) 23. Nxd4 fxe5 (23... Nxe5 24. Ne6 $11)) 22. Nxg7 $2 Kxg7 $19 23. Qh6+ Kh8 {[%emt 0:00:12] aiming for ...Bxg2.} 24. Bg5 {[%emt 0:05:02] Threatening mate with Bf6+.} Be7 25. Bf6+ Bxf6 26. exf6 Rg8 {[%emt 0:00:03] Prevents Qg7+} 27. Re7 {[%emt 0:01:09][%cal Oe7f7] [#]} Bxg2 $1 28. Rxa7 {[%emt 0:00:08] [#]} Bd5 ({Better is} 28... Qd5 $1 $19 {And now ...d3 would win.} 29. Re1 Bh1) 29. Re7 $40 {[%emt 0:01:04][%mdl 128] White is up to no good.} d3 {[%emt 0:15:37] Threatens to win with ...Bb3.} (29... Nc6 30. Rae1 Qf8 31. Qh5) 30. Rae1 $1 {[%emt 0:01:35][%cal Oe7e8] Re8! would kill now. Chess con chili.} Be6 $1 31. h3 {[%emt 0:04:59] Hoping for R1xe6.} ({But not} 31. R1xe6 $2 d2 $19) 31... Rg6 $2 {[%emt 0:01:27][%mdl 8192] [#]} (31... d2 $11 32. Rd1 Rxg3+ (32... Qd4 33. Re8) 33. fxg3 Qd4+ 34. Kf1 (34. Kg2 Bd5+ 35. Kf1 Qd3+ 36. Re2 Qf3+ 37. Kg1 Qxg3+ 38. Kf1 Qf3+ 39. Kg1 Qg3+ 40. Kf1 Qf3+ 41. Kg1 Qg3+ $11) 34... Qc4+ 35. Kf2 Qd4+ 36. Qe3 Qxf6+ 37. Qf4 Qxe7 38. Qxb8+ Kg7 39. Qe5+ (39. Rxd2 Qxa3 40. Qxb6 Bxh3 $11) 39... f6) 32. R1xe6 $1 Qg8 {[%emt 0:03:40] [#]} 33. Re8 $1 {[%emt 0:00:23] Weighted Error Value: White=0.21 (precise) /Black=0.41.  Loses game:     	White=1     	Black=1      Missed win:     	---       	Black=1      Mistake:       	White=1     	Black=1      OK:         	White=8     	Black=10     Best:        	White=4     	Black=3      Strong:       	White=2     	Black=2} 1-0